 Dungeon Crawl Stone Soup version 0.17-a0-1997-ga88ed7d (webtiles) character file.

46 Mordenkainen the Magician (level 3, 0/19 HPs)
             Began as a Deep Elf Wizard on Oct 8, 2015.
             Killed from afar by an orc wizard (9 damage)
             ... with a puff of frost
             ... on level 3 of the Dungeon.
             The game lasted 00:05:42 (1270 turns).

Mordenkainen the Magician (Deep Elf Wizard)         Turns: 1270, Time: 00:05:42

Health: 0/19       AC:  2    Str:  4    XL:     3   Next: 46%
Magic:  8/10       EV: 12    Int: 23    God:
Gold:   124        SH:  0    Dex: 13    Spells: 2 memorised, 7 levels left

rFire  . . .     SeeInvis .     n - +0 mace (crush)
rCold  . . .     Clarity  .     a - +0 robe
rNeg   . . .     SustAt   .     (no shield)
rPois  .         Gourm    .     b - +0 hat
rElec  .         Spirit   .     (no cloak)
rCorr  .         Warding  .     (no gloves)
rMut   .         Stasis   .     (no boots)
MR     .....                    (no amulet)
Stlth  +.........               (no ring)
                                l - ring of loudness (curse)

@: not resistant to hostile enchantments, very unstealthy
A: no striking features
a: no special abilities


You were on level 3 of the Dungeon.
You were hungry.

You visited 1 branch of the dungeon, and saw 4 of its levels.

You collected 124 gold pieces.

Inventory:

Hand Weapons
 n - a +0 mace of crushing (weapon)
Armour
 a - a +0 robe (worn)
 b - a +0 hat (worn)
Jewellery
 l - a cursed ring of loudness (left hand)
Scrolls
 e - a scroll of identify {unknown}
 f - 2 scrolls of teleportation
 g - a scroll of enchant armour {unknown}
 i - a scroll of random uselessness {unknown}
 j - 2 scrolls of magic mapping {unknown}
Potions
 h - a potion of curing
 k - a potion of flight {unknown}
Books
 c - a book of Minor Magic

   Spells                             Type                      Level
   a - Magic Dart                     Conjuration                  1
   b - Blink                          Translocation                2
   c - Call Imp                       Summoning                    2
   d - Repel Missiles                 Charms/Air                   2
   e - Slow                           Hexes                        2
   f - Conjure Flame                  Conjuration/Fire             3
   g - Mephitic Cloud                 Conjuration/Poison/Air       3
Comestibles
 d - 3 bread rations
 m - a beef jerky


   Skills:
 - Level 2.4 Dodging
 - Level 2.4 Stealth
 - Level 4.4 Spellcasting
 * Level 3.8 Conjurations
   Level 1.1 Summonings
 - Level 1.1 Translocations


You had 7 spell levels left.
You knew the following spells:

 Your Spells              Type           Power        Failure   Level  Hunger
a - Magic Dart            Conj           ###.         2%          1    None
b - Blink                 Tloc           N/A          12%         2    None


Dungeon Overview and Level Annotations

Branches:
Dungeon (4/15)
 Temple: D:4-7

Altars:
Ashenzari
Elyvilon

Annotations:
D:2 Sigmund, Terence
D:3 Banto's ghost, amateur HaAr


Message History

The orc wizard seems to speed up.
The orc closely misses you.
An orc comes into view. It is wielding a falchion.
The orc shouts!
You hear a shout!
Unknown command.
Casting: Magic Dart
Confirm with . or Enter, or press ? or * to list all spells.
Aiming: Magic Dart
Press: ? - help, Shift-Dir - straight line, f/p - orc wizard
Aim: an orc wizard, wielding a dagger and wearing a robe (fast)
The magic dart hits the orc.
The orc is moderately wounded.
The orc hits you with a mace of protection.
* * * LOW HITPOINT WARNING * * *
The orc wizard casts a spell.
The orc wizard flickers and vanishes!
Deactivating autopickup; reactivate with Ctrl-A.
You hear some strange, mumbled words.
A puff of frost appears from out of thin air!
The puff of frost hits you!
You die...

#### ##... #
..... #.
..... #.
##########
.....
#.#.........
.....
#.@.....#
.#.##...
#.#.o.......
......# #.
#.{#.#.#.#
S....# #.
#...## # o..
# # #o...
..###o. #
..#.## .....
# .....
#.†##
#.##.#.
#.o.o #.###


You could see 2 orcs.

Vanquished Creatures
  2 adders (D:3)
  3 orcs (D:3)
  3 bats
  2 giant cockroaches
  5 goblins
  2 hobgoblins
  2 giant newts
  A kobold (D:1)
  5 rats
25 creatures vanquished.

Notes
Turn   | Place    | Note
--------------------------------------------------------------
     0 | D:1      | Mordenkainen the Deep Elf Wizard began the quest for the Orb.
     0 | D:1      | Reached XP level 1. HP: 10/10 MP: 7/7
   215 | D:1      | Reached XP level 2. HP: 15/15 MP: 3/9
   632 | D:2      | Found a white marble altar of Elyvilon.
   719 | D:2      | Noticed Sigmund
   733 | D:2      | Learned a level 2 spell: Blink
   875 | D:2      | Noticed Terence
   891 | D:3      | Found a shattered altar of Ashenzari.
   892 | D:3      | Noticed Banto's ghost (amateur HaAr)
   987 | D:3      | Reached XP level 3. HP: 11/19 MP: 4/10
  1231 | D:4      | Noticed a scorpion
  1270 | D:3      | Killed from afar by an orc wizard

Vault maps used:
D:1:      minmay_arrival_jagged, hangedman_decor_points, st_stairs_14,
          minivault_19, minmay_statues_item, hangedman_decor_lopped,
          interstate_on_off
D:2:      old_standard_altar, uniq_terence, uniq_iyjb, uniq_sigmund
D:3:      cheibriados_altar_wand_db, nicolae_ashenzari_panopticon, first_bread,
          minmay_misc_feat_alley
D:4:      minmay_door_path, gammafunk_temple_overflow_pools

Action                   || total
-------------------------++-------
 Cast: Magic Dart        ||    61
       Blink             ||     3
  Use: Scroll            ||     1
       Potion            ||     1
